APL (24 & UNDER)
ATHENS ASSASSINS @ PENSACOLA PILOTS
04/28/2030
 
TOP OF THE 1ST
Athens Assassins batting - Pitching for Pensacola Pilots : LHP Paul Mallette
Pitching: LHP Paul Mallette
Batting: RHB Júlio Castillo 0-0: Called Strike
0-1: Ball
1-1: Foul Ball, location: 2F
1-2: Foul Ball, location: 2F
1-2: Ball
2-2: SINGLE (Line Drive, 6D)
Batting: RHB Pat Johnston 0-0: Ball
Júlio Castillo is caught stealing 2nd base
1-0: Foul Ball, location: 2F
1-1: Called Strike
1-2: Ball
2-2: Foul Ball, location: 2F
2-2: Foul Ball, location: 2F
2-2: Fly out, F7 (Flyball, 7LM)
Batting: SHB Chris Barrett 0-0: Ball
1-0: Swinging Strike
1-1: Ground out 5-3 (Groundball, 5S)
Top of the 1st over - 0 runs, 1 hit, 0 errors, 0 left on base; Athens 0 - Pensacola 0
BOTTOM OF THE 1ST
Pensacola Pilots batting - Pitching for Athens Assassins : LHP Germán Sánchez
Pitching: LHP Germán Sánchez
Batting: SHB Carlos González 0-0: Foul Ball, location: 2F
0-1: Ball
1-1: Foul Ball, location: 2F
1-2: Strikes out swinging
Batting: RHB Albert Morán 0-0: Called Strike
0-1: Foul Ball, location: 2F
0-2: Ground out 4-3 (Groundball, 4MS)
Batting: RHB Lawrence Davidson 0-0: Ball
1-0: Ball
2-0: SINGLE (Groundball, 56D)
Batting: LHB Ángel Flores 0-0: Called Strike
0-1: Foul Ball, location: 2F
0-2: Ball
1-2: Strikes out looking
Bottom of the 1st over - 0 runs, 1 hit, 0 errors, 1 left on base; Athens 0 - Pensacola 0
TOP OF THE 2ND
Athens Assassins batting - Pitching for Pensacola Pilots : LHP Paul Mallette
Batting: RHB Jonathon García 0-0: Foul Ball, location: 2F
0-1: Fly out, F7 (Flyball, 78M)
Batting: RHB Maximino Abbado 0-0: SINGLE (Line Drive, 8LS)
Batting: RHB Bill Davis 0-0: Called Strike
0-1: Called Strike
Maximino Abbado steals 2nd base
0-2: Foul Ball, location: 2F
0-2: Ball
1-2: Foul Ball, location: 2F
1-2: Ball
2-2: Foul Ball, location: 2F
2-2: Ball
3-2: Ground out 4-3 (Groundball, 4S)
Maximino Abbado to third
Batting: RHB Justin Tomlinson 0-0: Ball
1-0: Ball
2-0: Called Strike
2-1: Called Strike
2-2: Foul Ball, location: 2F
2-2: Strikes out looking
Top of the 2nd over - 0 runs, 1 hit, 0 errors, 1 left on base; Athens 0 - Pensacola 0
BOTTOM OF THE 2ND
Pensacola Pilots batting - Pitching for Athens Assassins : LHP Germán Sánchez
Batting: RHB Tony Pulla 0-0: Called Strike
0-1: SINGLE (Groundball, 56S) (infield hit)
Batting: RHB Bill Andrews 0-0: Foul Ball, location: 2F
0-1: Ball
1-1: Ball
2-1: Called Strike
Tony Pulla steals 2nd base
2-2: Strikes out swinging
Batting: RHB George Martin 0-0: Ball
1-0: Foul Ball, location: 2F
1-1: Swinging Strike
1-2: Ground out U3 (Groundball, 3S)
Tony Pulla to third
Batting: RHB Pietro Ciccoritti 0-0: Called Strike
0-1: Foul Ball, location: 2F
0-2: Ground out 1-3 (Groundball, 15)
Bottom of the 2nd over - 0 runs, 1 hit, 0 errors, 1 left on base; Athens 0 - Pensacola 0
TOP OF THE 3RD
Athens Assassins batting - Pitching for Pensacola Pilots : LHP Paul Mallette
Batting: RHB Britt Short 0-0: Called Strike
0-1: Ball
1-1: Fly out, F4 (Popup, 23)
Batting: RHB Alfonso Flores 0-0: Ball
1-0: Foul Ball, location: 2F
1-1: Bunt missed!
1-2: Ball
2-2: Ball
3-2: Ground out 6-3 (Groundball, 6)
Batting: RHB Júlio Castillo 0-0: Ball
1-0: Foul Ball, location: 2F
1-1: Ball
2-1: Called Strike
2-2: Strikes out swinging
Top of the 3rd over - 0 runs, 0 hits, 0 errors, 0 left on base; Athens 0 - Pensacola 0
BOTTOM OF THE 3RD
Pensacola Pilots batting - Pitching for Athens Assassins : LHP Germán Sánchez
Batting: RHB Timothy Foster 0-0: Called Strike
0-1: Foul Ball, location: 2F
0-2: Ground out 6-3 (Groundball, 6)
Batting: SHB Carlos González 0-0: Ball
1-0: Called Strike
1-1: Ground out 5-3 (Groundball, 56S)
Batting: RHB Albert Morán 0-0: Foul Ball, location: 2F
0-1: Foul Ball, location: 2F
0-2: Strikes out swinging
Bottom of the 3rd over - 0 runs, 0 hits, 0 errors, 0 left on base; Athens 0 - Pensacola 0
TOP OF THE 4TH
Athens Assassins batting - Pitching for Pensacola Pilots : LHP Paul Mallette
Batting: RHB Pat Johnston 0-0: Ball
1-0: Foul Ball, location: 2F
1-1: Foul Ball, location: 2F
1-2: Strikes out looking
Batting: SHB Chris Barrett 0-0: Ball
1-0: Fly out, F7 (Flyball, 7S)
Batting: RHB Jonathon García 0-0: Called Strike
0-1: Ball
1-1: Swinging Strike
1-2: Ball
2-2: Fly out, F5 (Line Drive, 5)
Top of the 4th over - 0 runs, 0 hits, 0 errors, 0 left on base; Athens 0 - Pensacola 0
BOTTOM OF THE 4TH
Pensacola Pilots batting - Pitching for Athens Assassins : LHP Germán Sánchez
Batting: RHB Lawrence Davidson 0-0: Foul Ball, location: 2F
0-1: Swinging Strike
0-2: Ball
1-2: Ball
2-2: Foul Ball, location: 2F
2-2: Strikes out swinging
Batting: LHB Ángel Flores 0-0: Called Strike
0-1: Ball
1-1: Foul Ball, location: 2F
1-2: Ball
2-2: Foul Ball, location: 2F
2-2: Ball
3-2: Foul Ball, location: 2F
3-2: Fly out, F9 (Flyball, 9)
Batting: RHB Tony Pulla 0-0: Called Strike
0-1: Swinging Strike
0-2: DOUBLE (Line Drive, 8RD)
Batting: RHB Bill Andrews 0-0: Ball
1-0: Ball
2-0: SINGLE (Groundball, 56D)
Tony Pulla to third
Runner from 3rd tries for Home, SAFE, throw made home
Batting: RHB George Martin 0-0: Called Strike
0-1: Ball
1-1: Foul Ball, location: 2F
1-2: Ball
2-2: Ball
3-2: Base on Balls
Bill Andrews to second
Batting: RHB Pietro Ciccoritti 0-0: Foul Ball, location: 2F
0-1: Swinging Strike
0-2: Ball
1-2: Strikes out swinging
Bottom of the 4th over - 1 run, 2 hits, 0 errors, 2 left on base; Athens 0 - Pensacola 1
TOP OF THE 5TH
Athens Assassins batting - Pitching for Pensacola Pilots : LHP Paul Mallette
Batting: RHB Maximino Abbado 0-0: Ground out U3 (Groundball, 34S)
Batting: RHB Bill Davis 0-0: Ball
1-0: Called Strike
1-1: Ball
2-1: Ball
3-1: Swinging Strike
3-2: Base on Balls
Batting: RHB Justin Tomlinson 0-0: Ball
1-0: Ball
2-0: Ball
3-0: Called Strike
3-1: Called Strike
3-2: SINGLE (Line Drive, 7S)
Bill Davis to second
Batting: RHB Britt Short 0-0: Ball
1-0: Ball
2-0: Foul Ball, location: 2F
2-1: Foul Ball, location: 2F
2-2: Fly out, F3 (Popup, 3S)
Batting: RHB Alfonso Flores 0-0: Ball
1-0: Fielders Choice at 2nd, 6-4 (Groundball, 6)
Top of the 5th over - 0 runs, 1 hit, 0 errors, 2 left on base; Athens 0 - Pensacola 1
BOTTOM OF THE 5TH
Pensacola Pilots batting - Pitching for Athens Assassins : LHP Germán Sánchez
Batting: RHB Timothy Foster 0-0: Swinging Strike
0-1: Ball
1-1: Called Strike
1-2: Strikes out swinging
Batting: SHB Carlos González 0-0: Called Strike
0-1: Ball
1-1: Foul Ball, location: 2F
1-2: Ball
2-2: Strikes out swinging
Batting: RHB Albert Morán 0-0: Ball
1-0: Bunt missed!
1-1: SINGLE (Groundball, 34D)
Batting: RHB Lawrence Davidson 0-0: Ball
1-0: Ball
2-0: Fly out, F9 (Flyball, 89D)
Bottom of the 5th over - 0 runs, 1 hit, 0 errors, 1 left on base; Athens 0 - Pensacola 1
TOP OF THE 6TH
Athens Assassins batting - Pitching for Pensacola Pilots : LHP Paul Mallette
Batting: RHB Júlio Castillo 0-0: Ground out 4-3 (Groundball, 4M)
Batting: RHB Pat Johnston 0-0: Called Strike
0-1: Ball
1-1: Called Strike
1-2: SINGLE (Line Drive, 6M)
Pitching: LHP Ed Miller
Batting: SHB Chris Barrett 0-0: Ball
1-0: Called Strike
1-1: DOUBLE (Flyball, 9LD)
Pat Johnston to third
Batting: RHB Jonathon García 0-0: Ball
1-0: SINGLE (Flyball, 9LS)
Pat Johnston scores
Chris Barrett to third
Runner from 3rd tries for Home, SAFE, no throw
Batting: RHB Maximino Abbado 0-0: Ball
1-0: Ball
2-0: Foul Ball, location: 2F
2-1: Foul Ball, location: 2F
2-2: Fly out, F8 (Flyball, 8LS)
Batting: RHB Bill Davis 0-0: Foul Ball, location: 2F
0-1: Ball
1-1: Swinging Strike
1-2: Strikes out looking
Top of the 6th over - 2 runs, 3 hits, 0 errors, 1 left on base; Athens 2 - Pensacola 1
BOTTOM OF THE 6TH
Pensacola Pilots batting - Pitching for Athens Assassins : LHP Germán Sánchez
Batting: LHB Ángel Flores 0-0: Foul Ball, location: 2F
0-1: Swinging Strike
0-2: Ball
1-2: Ball
2-2: Ball
3-2: Ground out 4-3 (Groundball, 34D)
Batting: RHB Tony Pulla 0-0: Ball
1-0: Ball
2-0: Ground out 3-1 (Groundball, 34S)
Batting: RHB Bill Andrews 0-0: Swinging Strike
0-1: Ball
1-1: Foul Ball, location: 2F
1-2: Foul Ball, location: 2F
1-2: Ball
2-2: Ball
3-2: Foul Ball, location: 2F
3-2: Fly out, F8 (Flyball, 8RS)
Bottom of the 6th over - 0 runs, 0 hits, 0 errors, 0 left on base; Athens 2 - Pensacola 1
TOP OF THE 7TH
Athens Assassins batting - Pitching for Pensacola Pilots : LHP Ed Miller
Batting: RHB Justin Tomlinson 0-0: Called Strike
0-1: Ball
1-1: Ball
2-1: Foul Ball, location: 2F
2-2: Foul Ball, location: 2F
2-2: Fly out, F5 (Line Drive, 5)
Batting: RHB Britt Short 0-0: Swinging Strike
0-1: Ball
1-1: Ball
2-1: Swinging Strike
2-2: Strikes out looking
Batting: RHB Alfonso Flores 0-0: Swinging Strike
0-1: Ball
1-1: Ball
2-1: Foul Ball, location: 2F
2-2: Fly out, F7 (Flyball, 7S)
Top of the 7th over - 0 runs, 0 hits, 0 errors, 0 left on base; Athens 2 - Pensacola 1
BOTTOM OF THE 7TH
Pensacola Pilots batting - Pitching for Athens Assassins : LHP Germán Sánchez
Batting: RHB George Martin 0-0: Ball
1-0: Ground out 6-3 (Groundball, 6)
Batting: RHB Pietro Ciccoritti 0-0: Ball
1-0: Foul Ball, location: 2F
1-1: Foul Ball, location: 2F
1-2: Strikes out swinging
Batting: RHB Timothy Foster 0-0: Ball
1-0: Foul Ball, location: 2F
1-1: Ball
2-1: Ground out 3-1 (Groundball, 34S)
Bottom of the 7th over - 0 runs, 0 hits, 0 errors, 0 left on base; Athens 2 - Pensacola 1
TOP OF THE 8TH
Athens Assassins batting - Pitching for Pensacola Pilots : LHP Ed Miller
Batting: RHB Júlio Castillo 0-0: Foul Ball, location: 2F
0-1: Ball
1-1: Swinging Strike
1-2: Ball
2-2: Strikes out looking
Batting: RHB Pat Johnston 0-0: Called Strike
0-1: Foul Ball, location: 2F
0-2: Ball
1-2: Ball
2-2: SOLO HOME RUN (Flyball, 7LD), Distance : 357 ft
Batting: SHB Chris Barrett 0-0: Ball
1-0: Ball
2-0: Swinging Strike
2-1: Ball
3-1: Foul Ball, location: 2F
3-2: Foul Ball, location: 2F
3-2: Foul Ball, location: 2F
3-2: Foul Ball, location: 2F
3-2: Strikes out swinging
Batting: RHB Jonathon García 0-0: Called Strike
0-1: Ground out 6-3 (Groundball, 6)
Top of the 8th over - 1 run, 1 hit, 0 errors, 0 left on base; Athens 3 - Pensacola 1
BOTTOM OF THE 8TH
Pensacola Pilots batting - Pitching for Athens Assassins : LHP Germán Sánchez
Pitching: RHP James Mantle
Batting: SHB Carlos González 0-0: Called Strike
0-1: Ball
1-1: Ball
2-1: Fly out, F9 (Flyball, 9D)
Batting: RHB Albert Morán 0-0: Called Strike
0-1: Ball
1-1: Foul Ball, location: 2F
1-2: Ball
2-2: Foul Ball, location: 2F
2-2: Strikes out swinging
Batting: RHB Lawrence Davidson 0-0: Called Strike
0-1: Ball
1-1: Foul Ball, location: 2F
1-2: Strikes out looking
Bottom of the 8th over - 0 runs, 0 hits, 0 errors, 0 left on base; Athens 3 - Pensacola 1
TOP OF THE 9TH
Athens Assassins batting - Pitching for Pensacola Pilots : LHP Ed Miller
Batting: RHB Maximino Abbado 0-0: SINGLE (Groundball, 6D)
Batting: RHB Bill Davis 0-0: Ball
1-0: Sac Bunt - play at first, batter OUT! 1-4
Maximino Abbado to second
Batting: RHB Justin Tomlinson 0-0: Ball
1-0: Foul Ball, location: 2F
1-1: Called Strike
1-2: Strikes out looking
Batting: RHB Britt Short 0-0: Called Strike
0-1: Ball
1-1: Foul Ball, location: 2F
1-2: Strikes out swinging passed ball, reaches first!
Maximino Abbado to third
Pitching: RHP Scott Willerton
Pinch Hitting: RHB Luis López 0-0: Ball
1-0: Swinging Strike
1-1: Foul Ball, location: 2F
1-2: Ball
2-2: DOUBLE (Line Drive, 78M)
Maximino Abbado scores
Britt Short to third
Runner from 3rd tries for Home, SAFE, no throw
Batting: RHB Júlio Castillo 0-0: Swinging Strike
0-1: Ball
1-1: Foul Ball, location: 2F
1-2: Ball
2-2: Strikes out swinging
Top of the 9th over - 2 runs, 2 hits, 0 errors, 1 left on base; Athens 5 - Pensacola 1
BOTTOM OF THE 9TH
Pensacola Pilots batting - Pitching for Athens Assassins : RHP James Mantle
Now at 3B: Xavier Silva
Batting: LHB Ángel Flores 0-0: Ball
1-0: Swinging Strike
1-1: Ball
2-1: Ball
3-1: Base on Balls
Batting: RHB Tony Pulla 0-0: Foul Ball, location: 2F
0-1: Swinging Strike
0-2: Ball
1-2: Foul Ball, location: 2F
1-2: Strikes out swinging
Batting: RHB Bill Andrews 0-0: Ball
1-0: Called Strike
1-1: Ball
2-1: Foul Ball, location: 2F
2-2: Strikes out swinging
Batting: RHB George Martin 0-0: Ball
1-0: Called Strike
1-1: Ball
2-1: Fielders Choice at 2nd, 5-4 (Groundball, 5)
Bottom of the 9th over - 0 runs, 0 hits, 0 errors, 1 left on base; Athens 5 - Pensacola 1
Saturday, April 7th, 2018 - OOTP Baseball 18.8 Build 76